cohdb
Replays
Latest Replays
All Replays
Popular Replays
Top Player Replays
Match Explorer
How It Works
Community
CoH3 Stats
Reddit
Sign in to upload your games and track your stats! →
Sign in with Steam
Match 42448784
Unlisted
Match 42448784
Overview
Messages
Build Orders
End
Royal Engineer Section
Construct Section Command Post
Selects Canadian Shock Battlegroup
Infantry Section
Infantry Section
Infantry Section
Selects Incendiary Munitions
Construct Platoon Command Post
Unlock M3 Stuart Light Tanks
M3 Stuart Light Tank
Selects Pyrotechnics
Infantry Training
Grenade Package
Royal Engineer Section
M3 Stuart Light Tank
Selects Offensive Resupply
Light Vehicle Training
Selects Canadian Shock Section
CAuMOH
『BlackBear』
bobr
Zo͞olo͞oKōbrə
0
0
Comments
sign in to comment!
No comments posted yet!